 Dungeon Crawl Stone Soup version 0.29.0-4-gdea44cf6ec (webtiles) character file.

Game seed: 2139237500436767590

13 qw the Sneak (level 2, -5/19 HPs)
             Began as a Gargoyle Delver on Sept 10, 2022.
             Slain by an iguana (7 damage)
             ... on level 4 of the Dungeon.
             The game lasted 00:00:05 (480 turns).

qw the Sneak (Gargoyle Delver)                       Turns: 480, Time: 00:00:05

Health: -5/19      AC: 11    Str: 15    XL:     2   Next: 37%
Magic:  2/2        EV:  6    Int: 10    God:
Gold:   0          SH:  0    Dex: 11    Spells: 1/1 levels left

rFire   . . .      SeeInvis .   a - +0 hand axe
rCold   . . .      Faith    .   (no shield)
rNeg    + . .      Spirit   .   h - +0 chain mail
rPois   inf        Reflect  .   (no helmet)
rElec   +          Harm     .   (no cloak)
rCorr   .          Rampage  .   (no gloves)
Will    .....                   (no boots)
Stlth   ..........              (no amulet)
HPRegen 0.06/turn               (no ring)
MPRegen 0.08/turn               (no ring)

@: no status effects
A: sickness immunity, AC +2, negative energy resistance 1, electricity
resistance, torment resistance 1, petrification resistance
a: no special abilities


You were on level 4 of the Dungeon.
You visited 1 branch of the dungeon, and saw 2 of its levels.


Innate Abilities, Weirdness & Mutations

You are immune to sickness and miasma.
Your stone body is resilient. (AC +2)
You are immune to poison.
You resist negative energy. (rN+)
You are resistant to electric shocks. (rElec)
You are resistant to unholy torment.
You are immune to petrification.


   Skills:
 - Level 3.2 Fighting
 - Level 2.5 Axes
 + Level 0.7 Armour
 - Level 1.5 Dodging
 - Level 5.4 Stealth


You had one spell level left.
You didn't know any spells.
Your spell library was empty.

Inventory:

Hand Weapons
 a - a +0 hand axe (weapon)
Armour
 h - a +0 chain mail (worn)
Wands
 g - a wand of digging (3)
Potions
 f - a potion of haste

Dungeon Overview and Level Annotations

Branches:
Dungeon (5/15)
 Temple: D:4-7

Altars:
Xom


Message History

Found 8 stones.
There is a stone staircase leading down here.
Existing waypoints: (2) D:5 Assign waypoint to what number? (0-9, D - delete waypoint) Waypoint 1 assigned to D:4.
A goblin comes into view. It is wielding a +0 club.
The goblin shouts!
You hear a shout!
The goblin moves out of view.
A kobold comes into view. It is wielding a +0 club.
Found a shimmering altar of Xom.
A goblin and an iguana come into view.
Found a lumpy purple potion.
A gnoll comes into view. It is wielding a +0 whip.
You closely miss the goblin. The goblin hits you but does no damage.
You hit the iguana.
The iguana is lightly wounded.
You barely miss the goblin. The goblin hits you but does no damage.
The iguana bites you.
You hit the iguana.
The iguana is moderately wounded.
You hit the goblin. The goblin hits you with a +0 club. The iguana bites you.
You hit the iguana but do no damage.
The iguana is moderately wounded.
You hit the goblin. The goblin hits you but does no damage.
The iguana hisses menacingly.
The iguana bites you.
You barely miss the goblin.
The goblin is severely wounded.
You hit the iguana. The goblin hits you but does no damage.
The iguana bites you.
You barely miss the goblin.
The goblin is severely wounded.
You hit the iguana but do no damage. The iguana barely misses you.
The goblin hits you but does no damage. The iguana bites you!
You die...

######### #######
........# .......
#######.# .~.~~~~
#.# K~.....
#.#########g~.~...
#.........@.~.~._.
#####
###########l~.~...
..... g~.....
###.# .~.~~~~
!...... ...#.##
...#.# .##. .


You could see an iguana, a gnoll, a goblin and a kobold.

Vanquished Creatures
  An adder (D:5)
  2 orcs (D:5)
3 creatures vanquished.

Notes
Turn   | Place    | Note
-------+----------+-------------------------------------------
     0 | D:5      | qw the Gargoyle Delver began the quest for the Orb.
     0 | D:5      | Reached XP level 1. HP: 14/14 MP: 1/1
     0 | D:5      | 0 ||| qw: Version: 0.1-a-116-g5d60599
     0 | D:5      | 0 ||| qw: Game counter: 9509
     0 | D:5      | 0 ||| qw: Always use a shield: true
     0 | D:5      | 0 ||| qw: God list: Okawaru
     0 | D:5      | 0 ||| qw: Allow faded altars: false
     0 | D:5      | 0 ||| qw: Do Orc after D:15 true
     0 | D:5      | 0 ||| qw: Do second Lair branch before Depths: true
     0 | D:5      | 0 ||| qw: Lair rune preference: random
     0 | D:5      | 0 ||| qw: Plans: Normal
     0 | D:5      | 0 ||| PLANNING D:1-11
    56 | D:5      | Reached XP level 2. HP: 11/19 MP: 2/2
   189 | D:5      | 189 ||| UPGRADING to +0 chain mail.
   199 | D:5      | 199 ||| DROPPING +0 leather armour.
   200 | D:5      | 200 ||| DROPPING scroll of fog.
   201 | D:5      | 201 ||| DROPPING scroll of magic mapping.
   202 | D:5      | 202 ||| DROPPING scroll of fear.
   204 | D:5      | 204 ||| Stepping ~*~*~tactically~*~*~ (stealth).
   205 | D:5      | 205 ||| Stepping ~*~*~tactically~*~*~ (stealth).
   207 | D:5      | 207 ||| Stepping ~*~*~tactically~*~*~ (stealth).
   208 | D:5      | 208 ||| Stepping ~*~*~tactically~*~*~ (stealth).
   209 | D:5      | 209 ||| Stepping ~*~*~tactically~*~*~ (stealth).
   210 | D:5      | 210 ||| Stepping ~*~*~tactically~*~*~ (stealth).
   211 | D:5      | 211 ||| Stepping ~*~*~tactically~*~*~ (stealth).
   472 | D:4      | Found a shimmering altar of Xom.
   479 | D:4      | HP: 2/19 [iguana (4)]
   480 | D:4      | Slain by an iguana

Levels and vault maps discovered:
D:4:      layout_basic, mainiacjoe_overflow_cross_hatched,
          kennysheep_another_room, minmay_ruptured
D:5:      layout_layer_cave, lemuel_tele_altar, guppyfry_shop_venom

Skill      XL: |  1 |
---------------+----+-----
Axes           | 2 |  2.5
Fighting       | |  3.2
Armour         | |  0.7
Dodging        | |  1.5
Stealth        | |  5.4

Action                   || total
-------------------------++-------
Melee: Hand axe          ||    18
Armor: Leather armour    ||     1
       Chain mail        ||     8
Dodge: Dodged            ||     4

Table legend:
 A = Non-vault XP
 B = Vault XP
 C = Vault XP percentage of total XP
 D = Non-vault monster count
 E = Vault monster count
 F = Vault count percentage of total count
                 A         B        C        D         E       F
            +---------+---------+-------+---------+---------+-------
      Total |      19 |       0 |   0.0 |       3 |       0 |   0.0
            +---------+---------+-------+---------+---------+-------
        D:5 |      19 |       0 |   0.0 |       3 |       0 |   0.0
            +---------+---------+-------+---------+---------+-------
